 Dungeon Crawl Stone Soup version 0.29.1-2-gbd0b4ee654 (webtiles) character file.

Game seed: 7851328838859448028

1171 hawla the Magician (level 8, -7/65 HPs)
             Began as a Gnoll Wanderer on Nov 19, 2022.
             Mangled by a gnoll sergeant
             ... wielding a +3 vampiric spear
              (10 damage)
             ... on level 7 of the Dungeon.
             The game lasted 00:26:24 (7548 turns).

hawla the Magician (Gnoll Wanderer)                 Turns: 7548, Time: 00:26:24

Health: -7/65      AC: 10    Str:  9    XL:     8   Next: 41%
Magic:  15/18      EV: 13    Int: 14    God:
Gold:   76         SH:  0    Dex: 12    Spells: 9/21 levels left

rFire   . . .      SeeInvis .   o - +4 dire flail (protect)
rCold   . . .      Faith    .   (shield currently unavailable)
rNeg    + . .      Spirit   .   c - +0 robe
rPois   .          Reflect  .   (helmet restricted)
rElec   .          Harm     .   (no cloak)
rCorr   .          Rampage  .   (no gloves)
Will    .....                   h - +0 pair of boots
Stlth   +++.......              (no amulet)
HPRegen 0.20/turn               f - ring of positive energy
MPRegen 0.16/turn               k - ring of wizardry

@: mighty, under a protective aura, unable to read
A: fangs 1, strong nose, distributed training, horns 1, weak 1, inability to
read after injury 1
a: no special abilities


You were on level 7 of the Dungeon.
You visited 1 branch of the dungeon, and saw 7 of its levels.

You collected 128 gold pieces.
You spent 52 gold pieces at shops.

Inventory:

Hand Weapons
 a - a +2 hand axe of protection
 b - a +0 flail of venom
 o - a +4 dire flail of protection (weapon)
Missiles
 n - 8 poisoned darts (quivered)
 t - 5 javelins
Armour
 c - a +0 robe (worn)
 h - a +0 pair of boots (worn)
 l - a +0 helmet
Jewellery
 f - a ring of positive energy (left hand)
 k - a ring of wizardry (right hand)
 q - a ring of positive energy
Wands
 r - a wand of acid (8)
 u - a wand of flame (20)
Scrolls
 e - 2 scrolls of identify
 i - a scroll of teleportation
 j - a scroll of amnesia
 m - 2 scrolls of poison
 p - a scroll of fear
Potions
 g - a potion of attraction
 s - a potion of flight {unknown}


   Skills:
 + Level 6.8 Fighting
 + Level 4.9 Short Blades
 + Level 4.9 Long Blades
 + Level 6.8 Axes
 + Level 4.9 Maces & Flails
 + Level 4.9 Polearms
 + Level 4.9 Staves
 + Level 4.9 Ranged Weapons
 + Level 4.9 Throwing
 + Level 5.6 Armour
 + Level 4.9 Dodging
 + Level 4.9 Stealth
 + Level 4.9 Shields
 + Level 4.9 Unarmed Combat
 + Level 7.1 Spellcasting
 + Level 4.0 Conjurations
 + Level 4.0 Hexes
 + Level 4.0 Summonings
 + Level 4.0 Necromancy
 + Level 4.0 Translocations
 + Level 4.0 Transmutations
 + Level 4.0 Fire Magic
 + Level 4.0 Ice Magic
 + Level 6.9 Air Magic
 + Level 4.0 Earth Magic
 + Level 4.0 Poison Magic
 + Level 5.4 Invocations
 + Level 4.9 Evocations


You had 9 spell levels left.
You knew the following spells:

 Your Spells              Type           Power      Damage    Failure   Level
a - Shock                 Conj/Air       80%        1d8       1%          1
b - Mephitic Cloud        Conj/Pois/Air  19%        N/A       2%          3
c - Airstrike             Air            12%        2d(2-18)  3%          4
d - Cause Fear            Hex            8%         N/A       11%         4

Your spell library contained the following spells:

 Spells                   Type           Power      Damage    Failure   Level
 Swiftness                Air            24%        N/A       1%          3
 Inner Flame              Hex/Fire       16%        N/A       3%          3
 Stone Arrow              Conj/Erth      32%        3d9       3%          3
 Animate Armour           Summ/Erth      32%        N/A       11%         4
 Discord                  Hex            8%         N/A       100%        8
 Lehudib's Crystal Spear  Conj/Erth      8%         10d3      100%        8


Dungeon Overview and Level Annotations

Branches:
Dungeon (7/15)
 Temple: D:4-7

Altars:
Qazlal
Uskayaw
Wu Jian

Shops:
D:3 (:!?=

Annotations:
D:6 Dowan, Duvessa


Innate Abilities, Weirdness & Mutations

You have very sharp teeth.
Your uncanny sense of smell can sniff out nearby items.
Your experience applies equally to all skills.
You have a pair of small horns on your head.
You are weak. (Str -2)
You occasionally lose the ability to read scrolls when taking damage.


Message History

The gnoll sergeant is lightly wounded.
The gnoll sergeant hits you with a +3 vampiric spear.
Dowan hits you but does no damage. The gnoll sergeant blocks your attack.
Your headbutt misses the gnoll sergeant.
You bite the gnoll sergeant, but do no damage.
The gnoll sergeant is lightly wounded.
The gnoll sergeant closely misses you.
Dowan points at you and mumbles some strange words.
You resist with some effort.
The gnoll sergeant hits you with a +3 vampiric spear.
Dowan barely misses you.
There is a stone staircase leading down here.
The gnoll sergeant hits you with a +3 vampiric spear!
Dowan gestures at you while chanting. The puff of frost hits you!
You feel threatened and lose the ability to read scrolls!
* * * LOW HITPOINT WARNING * * *
You climb downwards.
There is a stone staircase leading up here.
You feel very mighty all of a sudden. The gnoll sergeant closely misses you.
You puncture the gnoll sergeant!
Your weapon exudes an aura of protection.
You headbutt the gnoll sergeant.
The gnoll sergeant is heavily wounded.
The gnoll sergeant hits you with a +3 vampiric spear.
* * * LOW HITPOINT WARNING * * *
The gnoll sergeant draws strength from your wounds!
You barely miss the gnoll sergeant. Your bite misses the gnoll sergeant.
The gnoll sergeant is heavily wounded.
The gnoll sergeant hits you with a +3 vampiric spear!
* * * LOW HITPOINT WARNING * * *
The gnoll sergeant draws strength from your wounds!
The gnoll sergeant blocks your attack. x2
The gnoll sergeant is moderately wounded.
You can read scrolls again.
The gnoll sergeant hits you with a +3 vampiric spear!
You feel threatened and lose the ability to read scrolls!
You die... ##### #.g@# ∆ #.### # ∆ ∆

You could see a gnoll sergeant.

Vanquished Creatures
  Edmund (D:4)
  A water moccasin (D:5)
  A phantom (D:5)
  A necrophage (D:5)
  A gnoll sergeant (D:5)
  2 scorpions (D:5)
  3 hounds (D:5)
  A gnoll bouda (D:5)
  A jelly (D:5)
  3 orc wizards
  5 adders
  21 gnolls
  An ufetubus (D:5)
  2 worms
  A dart slug (D:5)
  4 orcs
  4 endoplasms
  3 giant cockroaches
  7 goblins
  8 hobgoblins
  7 jackals (D:1)
  2 quokkas
  9 ball pythons
  5 bats
  9 frilled lizards
  3 kobolds
  4 rats
110 creatures vanquished.

Notes
Turn   | Place    | Note
-------+----------+-------------------------------------------
     0 | D:1      | hawla the Gnoll Wanderer began the quest for the Orb.
     0 | D:1      | hawla set off with the following items: a +1 hand axe, a
                  | scroll of blinking, a +0 robe; and the following spell
                  | memorised: Shock; and the following spells available to
                  | memorise: Airstrike, Mephitic Cloud.
     0 | D:1      | Reached XP level 1. HP: 20/20 MP: 6/6
   294 | D:1      | Reached XP level 2. HP: 26/26 MP: 5/7
   904 | D:1      | Reached skill level 5 in Spellcasting
   904 | D:1      | Reached XP level 3. HP: 29/31 MP: 7/9
  1112 | D:1      | Found a faded altar of an unknown god.
  1380 | D:2      | Reached skill level 1 in Invocations
  1605 | D:2      | Reached skill level 1 in Short Blades
  1605 | D:2      | Reached skill level 1 in Long Blades
  1605 | D:2      | Reached skill level 1 in Maces & Flails
  1605 | D:2      | Reached skill level 1 in Polearms
  1605 | D:2      | Reached skill level 1 in Staves
  1605 | D:2      | Reached skill level 1 in Ranged Weapons
  1605 | D:2      | Reached skill level 1 in Throwing
  1605 | D:2      | Reached skill level 1 in Dodging
  1605 | D:2      | Reached skill level 1 in Stealth
  1605 | D:2      | Reached skill level 1 in Shields
  1605 | D:2      | Reached skill level 1 in Unarmed Combat
  1605 | D:2      | Reached skill level 1 in Evocations
  1700 | D:2      | Learned a level 3 spell: Mephitic Cloud
  1780 | D:2      | Reached XP level 4. HP: 16/38 MP: 3/11
  2421 | D:2      | Reached skill level 1 in Conjurations
  2421 | D:2      | Reached skill level 1 in Hexes
  2421 | D:2      | Reached skill level 1 in Summonings
  2421 | D:2      | Reached skill level 1 in Necromancy
  2421 | D:2      | Reached skill level 1 in Translocations
  2421 | D:2      | Reached skill level 1 in Transmutations
  2421 | D:2      | Reached skill level 1 in Fire Magic
  2421 | D:2      | Reached skill level 1 in Ice Magic
  2421 | D:2      | Reached skill level 1 in Earth Magic
  2421 | D:2      | Reached skill level 1 in Poison Magic
  2918 | D:3      | Found Kelur's Magic Scroll Shoppe.
  2929 | D:3      | Reached skill level 5 in Armour
  2929 | D:3      | Reached skill level 6 in Spellcasting
  2929 | D:3      | Reached XP level 5. HP: 47/47 MP: 12/14
  2935 | D:3      | Learned a level 4 spell: Airstrike
  2967 | D:3      | Bought a scroll of identify for 26 gold pieces
  2967 | D:3      | Bought a scroll of identify for 26 gold pieces
  3066 | D:3      | Found Geiny's Weapon Boutique.
  3134 | D:3      | Found Hior's Book Shoppe.
  3297 | D:3      | Found Mojawn's Jewellery Shop.
  3416 | D:3      | Found Zusk's Distillery.
  3424 | D:3      | Gained mutation: You have hidden genetic defects. [potion
                  | of mutation]
  3424 | D:3      | Gained mutation: You have a pair of small horns on your
                  | head. [potion of mutation]
  3827 | D:5      | Entered Level 5 of the Dungeon
  3834 | D:5      | Noticed a water moccasin
  4049 | D:5      | Found a hide-covered altar of Uskayaw.
  4098 | D:5      | Found an ornate altar of the Wu Jian Council.
  4102 | D:5      | Gained mutation: You occasionally lose the ability to read
                  | scrolls when taking damage. [hidden defects]
  4104 | D:5      | Reached XP level 6. HP: 18/53 MP: 11/15
  4124 | D:5      | Gained mutation: You are weak. (Str -2) [hidden defects]
  4124 | D:5      | Lost mutation: You have hidden genetic defects. [hidden
                  | defects expressed]
  4489 | D:5      | Found a stormy altar of Qazlal.
  4601 | D:5      | Reached XP level 7. HP: 59/59 MP: 17/17
  4660 | D:5      | Reached skill level 5 in Invocations
  5403 | D:6      | Noticed Dowan
  5645 | D:4      | Learned a level 4 spell: Cause Fear
  5852 | D:4      | Noticed Edmund
  5862 | D:4      | Killed Edmund
  6039 | D:5      | Reached skill level 7 in Spellcasting
  6043 | D:5      | HP: 1/59 [acid (5)]
  6044 | D:5      | Reached XP level 8. HP: 1/65 MP: 15/18
  7215 | D:6      | Noticed Duvessa
  7547 | D:7      | HP: 3/65 [gnoll sergeant/+3 vampiric spear (8)]
  7548 | D:7      | Mangled by a gnoll sergeant

Illustrated notes

Levels and vault maps discovered:
D:1:      dpeg_arrival_lava_temple_mockup, layout_basic,
          shapermc_ecumenical_altar_flowoftime, minmay_misc_feat_cross
D:2:      layout_loops_cross
D:3:      layout_basic, serial_shops, shop, shop_fountains, shop_fountains,
          nicolae_shop_window_shopping, nicolae_shop_stone
D:4:      layout_rooms, uniq_edmund
D:5:      cheibrodos_quashed, layout_layer_cave, mainiacjoe_overflow_catwalk,
          nicolae_uskayaw_murder_on_the_dancefloor,
          mainiacjoe_overflow_concentric_impassable,
          corexii_item_surrounded_by_moat, water_maze_lemuel
D:6:      layout_layer_cave, minmay_temple_entry_offerings,
          minmay_hollow_rounded_squares, uniq_duvessa
D:7:      layout_basic, nzn_ghost_randoct, kennysheep_diamond

Skill      XL: |  1  2  3  4  5  6  7  8 |
---------------+-------------------------+-----
Spellcasting   | 5 6 7 |  7.1
Invocations    | 1 4 5 |  5.4
Short Blades   | 1 4 |  4.9
Long Blades    | 1 4 |  4.9
Maces & Flails | 1 4 |  4.9
Polearms       | 1 4 |  4.9
Staves         | 1 4 |  4.9
Ranged Weapons | 1 4 |  4.9
Throwing       | 1 4 |  4.9
Dodging        | 1 4 |  4.9
Stealth        | 1 4 |  4.9
Shields        | 1 4 |  4.9
Unarmed Combat | 1 4 |  4.9
Evocations     | 1 4 |  4.9
Conjurations   | 3 4 |  4.0
Hexes          | 3 4 |  4.0
Summonings     | 3 4 |  4.0
Necromancy     | 3 4 |  4.0
Translocations | 3 4 |  4.0
Transmutations | 3 4 |  4.0
Fire Magic     | 3 4 |  4.0
Ice Magic      | 3 4 |  4.0
Earth Magic    | 3 4 |  4.0
Poison Magic   | 3 4 |  4.0
Fighting       | 6 |  6.8
Axes           | 6 |  6.8
Armour         | 5 |  5.6
Air Magic      | 6 |  6.9

Action                   |  1- 3 |  4- 6 |  7- 9 || total
-------------------------+-------+-------+-------++-------
Melee: Hand axe          |    65 |    47 |       ||   112
       Bite              |     7 |     3 |    12 ||    22
       Headbutt          |       |     5 |    14 ||    19
       Punch             |       |     1 |     4 ||     5
       Flail             |       |     9 |    77 ||    86
       Dire flail        |       |       |    32 ||    32
Throw: Dart              |       |    18 |    11 ||    29
 Cast: Shock             |    62 |    39 |     9 ||   110
       Mephitic Cloud    |     2 |     4 |    16 ||    22
       Airstrike         |       |     1 |     2 ||     3
  Use: Scroll            |       |    15 |     6 ||    21
       Potion            |       |     3 |     1 ||     4
 Stab: Sleeping          |       |     1 |     3 ||     4
       Confused          |       |       |     3 ||     3
Armor: Robe              |    19 |    24 |    14 ||    57
Dodge: Dodged            |    47 |    69 |    82 ||   198
